 Dungeon Crawl Stone Soup version 0.17.0-24-gcfadda4 (console) character file.

254 gw the Chucker (level 5, -7/41 HPs)
             Began as a Demonspawn Hunter on Nov 17, 2015.
             Killed by divine providence
             ... invoked by an orc priest
              (9 damage)
             ... on level 3 of the Dungeon.
             The game lasted 00:04:11 (3546 turns).

gw the Chucker (Demonspawn Hunter)                  Turns: 3546, Time: 00:04:11

Health: -7/41      AC: 15    Str: 12    XL:     5   Next: 90%
Magic:  5/5        EV:  9    Int: 12    God:
Gold:   84         SH:  0    Dex: 13    Spells: 0 memorised, 4 levels left

rFire  . . .     SeeInvis .     c - +1 short sword
rCold  . . .     Clarity  .     d - +0 scale mail
rNeg   . . .     SustAt   .     (no shield)
rPois  .         Gourm    .     j - +0 helmet
rElec  .         Spirit   .     (no cloak)
rCorr  .         Warding  .     n - +0 pair of gloves
rMut   .         Stasis   .     (no boots)
MR     .....                    (no amulet)
Stlth  ..........               (no ring)
                                (no ring)

@: flying, not resistant to hostile enchantments, extremely unstealthy
A: rough black scales 2, demonic guardian 1
a: no special abilities


You were on level 3 of the Dungeon.
You were not hungry.

You visited 1 branch of the dungeon, and saw 3 of its levels.

You collected 84 gold pieces.

Inventory:

Hand Weapons
 c - a +1 short sword (weapon)
Missiles
 b - 2 throwing nets
 g - 14 poisoned needles
 i - 90 stones
 r - 2 javelins (quivered)
Armour
 d - a +0 scale mail (worn)
 j - a +0 helmet (worn)
 n - a +0 pair of gloves (worn)
Scrolls
 f - 2 scrolls of remove curse
 q - a scroll of identify
Potions
 m - a potion of resistance
Comestibles
 a - 2 chunks of flesh
 e - a bread ration
 h - a meat ration
 l - a beef jerky


   Skills:
 + Level 3.4 Fighting
 * Level 5.3 Throwing
 + Level 2.4 Armour
 - Level 1.7 Dodging
 - Level 0.8 Stealth


You had 4 spell levels left.
You didn't know any spells.

Dungeon Overview and Level Annotations

Branches:
Dungeon (3/15)

Altars:


Innate Abilities, Weirdness & Mutations

You are mostly covered in rough black scales (AC +7, Dex -2).
A weak demonic guardian rushes to your aid.


Message History

You closely miss the adder.
Your ufetubus barely misses the centaur.
Your ufetubus hits the centaur.
The centaur dies!
The adder bites you but does no damage. The orc wizard hits you with a dagger.
Your white imp barely misses the adder.
The orc priest hits you but does no damage.
The orc closely misses you.
Your ufetubus barely misses the adder.
Your ufetubus misses the adder. The adder bites you.
ATTACK MOVE TO (-1,-1)
You barely miss the adder.
The orc wizard hits you but does no damage.
Your ufetubus barely misses the adder.
Your ufetubus completely misses the adder.
Your white imp gestures at the adder.
The puff of frost hits the adder.
The adder closely misses your white imp.
The orc priest mumbles some strange prayers to Beogh against you.
Something smites you!
You die...

#...... ......
#....#
#....####
#......"#####
##....%o.....#
#...8S8o.....#
#...556o.....#
#...8)8o.....#
#......o.....#
#............#
#...##........
#.## ####.####
#. .. # .#.


You could see an orc priest, an orc wizard, an adder, 3 orcs, a friendly white
imp and a friendly ufetubus.

Table legend:
 A = Turns spent in this place as a percentage of turns spent in the entire game.
 B = Non-inter-level travel turns spent in this place as a percentage of non-inter-level travel turns spent in the entire game.
 C = Inter-level travel turns spent in this place as a percentage of turns spent in this place.
 D = Turns resting spent in this place as a percentage of non-inter-level travel turns spent in this place.
 E = Turns spent auto-exploring this place as a percentage of non-inter-level travel turns spent in this place.
 F = Non-inter-level travel turns spent in this place divided by the number of levels of this place that you've seen.
                   A       B       C       D       E      F
               +-------+-------+-------+-------+-------+----------------------
         Total | 100.0 | 100.0 |   0.4 |   1.2 |   2.0 | 1609.0
       Dungeon | 100.0 | 100.0 |   0.4 |   1.2 |   2.0 | 1609.0
               +-------+-------+-------+-------+-------+----------------------

Table legend:
 A = Kills in this place as a percentage of kills in entire the game.
 B = Kills by you in this place as a percentage of kills by you in the entire game.
 C = Kills by friends in this place as a percentage of kills by friends in the entire game.
 D = Other kills in this place as a percentage of other kills in the entire game.
 E = Experience gained in this place as a percentage of experience gained in the entire game.
 F = Experience gained in this place divided by the number of levels of this place that you have seen.
                   A       B       C       D       E      F
               +-------+-------+-------+-------+-------+----------------------
         Total | 100.0 | 100.0 | 100.0 | 100.0 | 100.0 | 121.0
       Dungeon | 100.0 | 100.0 | 100.0 | 100.0 | 100.0 | 121.0
               +-------+-------+-------+-------+-------+----------------------

Vanquished Creatures
  Natasha (D:2)
  Robin (D:2)
  4 gnolls (D:2)
  4 adders (D:2)
  4 worms (D:2)
  A giant gecko (D:1)
  2 bats
  5 giant cockroaches
  10 hobgoblins
  7 jackals
  A ball python (D:2)
  5 giant newts
  12 goblins
  11 kobolds
  6 rats
74 creatures vanquished.

Vanquished Creatures (collateral kills)
  A centaur (D:3)
  An orc (D:3)
  A bat (D:3)
  A hobgoblin (D:3)
  A rat (D:3)
5 creatures vanquished.

Vanquished Creatures (others)
  A hobgoblin (D:3)
1 creature vanquished.

Grand Total: 80 creatures vanquished

Notes
Turn   | Place    | Note
--------------------------------------------------------------
     0 | D:1      | gw the Demonspawn Hunter began the quest for the Orb.
     0 | D:1      | Reached XP level 1. HP: 16/16 MP: 1/1
   263 | D:1      | Gained mutation: You are partially covered in rough black scales (AC +4, Dex -1). [demonic ancestry]
   263 | D:1      | Reached XP level 2. HP: 11/22 MP: 2/2
   694 | D:1      | Reached skill level 4 in Throwing
  1113 | D:1      | Reached XP level 3. HP: 20/28 MP: 3/3
  1577 | D:2      | Reached skill level 1 in Armour
  2077 | D:2      | Noticed Robin
  2078 | D:2      | Gained mutation: You are mostly covered in rough black scales (AC +7, Dex -2). [demonic ancestry]
  2078 | D:2      | Reached XP level 4. HP: 34/34 MP: 4/4
  2116 | D:2      | Killed Robin
  2541 | D:2      | Gained mutation: A weak demonic guardian rushes to your aid. [demonic ancestry]
  2541 | D:2      | Reached XP level 5. HP: 31/41 MP: 5/5
  2868 | D:2      | Reached skill level 5 in Throwing
  3463 | D:2      | Noticed Natasha
  3470 | D:2      | Killed Natasha
  3529 | D:3      | Noticed a centaur
  3545 | D:3      | Killed a centaur
  3545 | D:3      | HP: 2/41 [adder (2)]
  3546 | D:3      | Killed from afar by an orc priest

Action                   |  1- 3 |  4- 6 || total
-------------------------+-------+-------++-------
Melee: Short sword       |   155 |   132 ||   287
Throw: Javelin           |    50 |    16 ||    66
       Stone             |    14 |    74 ||    88
  Use: Scroll            |     6 |     2 ||     8
       Potion            |     1 |     2 ||     3
  Eat: Chunk             |     4 |     5 ||     9

Vault maps used:
D:1:      eino_arrival_cavern_d, minmay_misc_feat_room, minmay_newt_pond
D:2:      uniq_natasha, uniq_robin
D:3:      first_bread, st_stairs_14, minivault_4, grunt_ministairs_1,
          kennysheep_generic_room_8, uniq_terence
